 Dungeon Crawl Stone Soup version 0.26.1-2-gb8aa6d0cf2 (webtiles) character file.

Game seed: 4616888145651222330

299 Gadfly the Ducker (level 6, -8/34 HPs)
             Began as a Deep Elf Fire Elementalist on Feb 20, 2021.
             Was an Initiate of Vehumet.
             Killed by divine providence
             ... invoked by an orc priest
              (13 damage)
             ... on level 3 of the Dungeon.
             The game lasted 00:03:52 (2904 turns).

Gadfly the Ducker (Deep Elf Fire Elementalist)      Turns: 2904, Time: 00:03:54

Health: -8/34      AC:  2    Str:  5    XL:     6   Next: 13%
Magic:  10/13      EV: 14    Int: 22    God:    Vehumet [......]
Gold:   51         SH:  0    Dex: 15    Spells: 8/12 levels left

rFire    . . .     SeeInvis .   f - +1 mace
rCold    . . .     Faith    .   (no shield)
rNeg     . . .     Spirit   .   a - +0 robe
rPois    .         Reflect  .   (no helmet)
rElec    .         Harm     .   (no cloak)
rCorr    .         Rampage  .   (no gloves)
Will     .....                  (no boots)
Stlth    ++........             (no amulet)
HPRegen  0.11/turn              (no ring)
MPRegen  0.13/turn              (no ring)

@: no status effects
A: no striking features
a: Renounce Religion


You were on level 3 of the Dungeon.
You worshipped Vehumet.
Vehumet was noncommittal.
You visited 1 branch of the dungeon, and saw 3 of its levels.

You collected 51 gold pieces.

Inventory:

Hand Weapons
 f - a +1 mace (weapon)
Armour
 a - a +0 robe (worn)
Scrolls
 d - a scroll of teleportation
Potions
 b - a potion of lignification {unknown}


   Skills:
 + Level 1.1 Fighting
 * Level 4.0 Dodging
 - Level 2.4 Stealth
 + Level 3.8 Spellcasting
 * Level 3.0 Conjurations
 + Level 3.8 Fire Magic
 * Level 2.7 Earth Magic
 * Level 2.4 Evocations


You had 8 spell levels left.
You knew the following spells:

 Your Spells              Type           Power        Failure   Level
a - Foxfire               Conj/Fire      76%          2%          1
b - Conjure Flame         Conj/Fire      19%          9%          3

Your spell library contained the following spells:

 Spells                   Type           Power        Failure   Level
 Inner Flame              Hex/Fire       12%          16%         3
 Sticky Flame             Conj/Fire      19%          28%         4
 Fireball                 Conj/Fire      9%           61%         5


Dungeon Overview and Level Annotations

Branches:
Dungeon (3/15)

Altars:
Fedhas
Makhleb
Okawaru
Vehumet


Message History

Pain shoots through your body! The orc misses you.
You are too injured to fight recklessly!
You are too injured to fight recklessly!
Unknown command.
You are too injured to fight recklessly!
You are too injured to fight recklessly!
You hit the orc priest.
The orc priest is heavily wounded.
The foxfire hits the orc.
You kill the orc!
Vehumet accepts your kill.
The foxfire hits the orc priest.
The orc priest is severely wounded.
The foxfire hits the orc priest but does no damage.
The orc priest is severely wounded.
The orc priest hits you with a +0 flail!
* * * LOW HITPOINT WARNING * * *
The orc priest calls down the wrath of Beogh upon you.
Beogh smites you!
You die...

#. #.# #.# #.# #.#
#.#
..#######.###########
#..........o@§......#
...........†.§.......
####.###.##########.#
#.# #.# #.# #)# #.#
#.###o# #.#####...o.#
#.##..oo.####
#.##.###.#


You could see an orc priest.

Vanquished Creatures
  Sigmund (D:3)
  2 orc priests (D:3)
  3 adders (D:2)
  A worm (D:2)
  A dart slug (D:2)
  3 leopard geckos
  5 orcs
  3 bats
  2 giant cockroaches (D:2)
  7 hobgoblins
  A quokka (D:2)
  A ball python (D:2)
  A frilled lizard (D:2)
  4 goblins
  5 kobolds
  5 rats
45 creatures vanquished.

Vanquished Creatures (others)
  A frilled lizard (D:2)
  181 foxfires
182 creatures vanquished.

Grand Total: 227 creatures vanquished

Notes
Turn   | Place    | Note
-------+----------+-------------------------------------------
     0 | D:1      | Gadfly the Deep Elf Fire Elementalist began the quest for
                  | the Orb.
     0 | D:1      | Reached XP level 1. HP: 10/10 MP: 6/6
   312 | D:1      | Reached XP level 2. HP: 15/15 MP: 4/8
   680 | D:1      | Reached skill level 1 in Earth Magic
  1100 | D:2      | Reached XP level 3. HP: 17/19 MP: 5/9
  1104 | D:2      | Learned a level 3 spell: Conjure Flame
  1321 | D:2      | Found a radiant altar of Vehumet.
  1420 | D:2      | Became a worshipper of Vehumet
  1564 | D:2      | Found an iron altar of Okawaru.
  1644 | D:2      | Reached skill level 3 in Dodging
  1644 | D:2      | Reached skill level 1 in Evocations
  1988 | D:2      | Found a faded altar of an unknown god.
  2188 | D:2      | Found a blossoming altar of Fedhas.
  2254 | D:3      | Noticed Sigmund
  2268 | D:3      | Killed Sigmund
  2269 | D:3      | Reached XP level 4. HP: 12/24 MP: 0/11
  2269 | D:3      | Reached XP level 5. HP: 14/28 MP: 0/12
  2479 | D:3      | Found a burning altar of Makhleb.
  2485 | D:3      | Reached skill level 1 in Fighting
  2487 | D:3      | Reached XP level 6. HP: 31/34 MP: 7/13
  2666 | D:3      | Reached skill level 4 in Dodging
  2904 | D:3      | Killed from afar by an orc priest

Illustrated notes

Levels and vault maps discovered:
D:1:      mrwooster_arrival_arrow, layout_basic, st_stairs_12
D:2:      layout_basic, nicolae_overflow_hidden_temple, fedhas_altar_1,
          fiery_altar_vehumet, chequers_ecumenical_altar_grove
D:3:      layout_loops_ring, bloody_makhleb, okawaru_ov_weapons_minmay,
          uniq_sigmund

Skill      XL: |  1  2  3  4  5  6 |
---------------+-------------------+-----
Earth Magic    | 1 2 |  2.7
Dodging        | 3 4 |  4.0
Conjurations   | 2 3 |  3.0
Evocations     | 2 |  2.4
Fighting       | 1 |  1.1
Stealth        | |  2.4
Spellcasting   | |  3.8
Fire Magic     | |  3.8

Action                   |  1- 3 |  4- 6 || total
-------------------------+-------+-------++-------
Melee: Unarmed           |     1 |       ||     1
       Mace              |    22 |    23 ||    45
 Cast: Foxfire           |    93 |    16 ||   109
  Use: Scroll            |     3 |       ||     3
       Potion            |       |     2 ||     2
 Stab: Sleeping          |     2 |       ||     2
Armor: Robe              |     7 |     3 ||    10
Dodge: Dodged            |    29 |    39 ||    68
